 Dungeon Crawl Stone Soup version 0.32-a0-685-g93135e86f0 (webtiles) character file.

Game seed: 11664162142290145476

193 kae the Slasher (level 5, -3/38 HPs)
             Began as a Coglin Gladiator on Mar 12, 2024.
             Killed by divine providence
             ... invoked by an orc priest
              (12 damage)
             ... on level 3 of the Dungeon.
             The game lasted 00:01:07 (1898 turns).

kae the Slasher (Coglin Gladiator)                  Turns: 1898, Time: 00:01:08

Health: -3/38      AC:  4    Str: 15    XL:     5   Next: 72%
Magic:  5/5        EV: 12    Int:  7    God:
Gold:   99         SH:  0    Dex: 17    Spells: 4/4 levels left

rFire   . . .        a - +0 long sword {Bunsong}
rCold   . . .        f - +0 dagger {Dalbir}
rNeg    . . .        b - +0 leather armour
rPois   .            c - +0 helmet
rElec   .            (no cloak)
rCorr   .            (no gloves)
SInv    .            (no boots)
Will    .....        (amulet unavailable)
Stlth   +            (ring unavailable)
HPRegen 0.26/turn    (ring unavailable)
MPRegen 0.09/turn    (no gizmo)

%: no passive effects
@: revved
A: off-hand wielding, slow wielding, warmup strikes, no jewellery
a: Invent Gizmo, Convert to Beogh


You were on level 3 of the Dungeon.
You visited 1 branch of the dungeon, and saw 3 of its levels.

You collected 99 gold pieces.


Innate Abilities, Weirdness & Mutations

You can wield a second weapon in your off-hand.
It takes a long time for you to wield or remove held weapons.
Your first few attacks do less damage.
You cannot equip rings or amulets.


   Skills:
 - Level 2.0 Fighting
 + Level 6.2 Long Blades
 - Level 1.7 Throwing
 - Level 2.6 Dodging


You had 4 spell levels left.
You didn't know any spells.
Your spell library contained the following spells:

 Spells                   Type           Power      Damage    Failure   Level
 Kiss of Death            Conj/Necr      0%         2d5       50%         1
 Blink                    Tloc           0%         N/A       65%         2
 Lesser Beckoning         Tloc           0%         N/A       65%         2
 Momentum Strike          Conj/Tloc      0%         3d8       65%         2
 Call Canine Familiar     Summ           0%         N/A       86%         3
 Confusing Touch          Hex            0%         N/A       86%         3
 Sigil of Binding         Hex            0%         N/A       86%         3
 Dimensional Bullseye     Hex/Tloc       0%         N/A       99%         4
 Dispel Undead            Necr           0%         3d6       99%         4

Inventory:

Hand Weapons
 a - a +0 long sword (weapon) {Bunsong}
 f - a +0 dagger (offhand) {Dalbir}
Missiles
 d - 3 throwing nets (quivered) {=f!f}
 e - a javelin
 g - 30 stones
 m - 4 poisoned darts
Armour
 b - a +0 leather armour (worn)
 c - a +0 helmet (worn)
Scrolls
 h - a scroll of amnesia {unknown}
 i - a scroll of identify {@r1}
 l - a scroll of fear {unknown}
 n - a scroll of poison {unknown}
Potions
 j - a potion of cancellation
 k - a potion of degeneration {unknown}

Dungeon Overview and Level Annotations

Branches:
Dungeon (3/15) Zot: 16097

Altars:
Qazlal

Annotations:
D:2 Sigmund

... ... .#.#####.####
............. #..####.#
#.## ##......# #....
#......###..#####
###...........#...
..#......####$#.#####...
#.#.............@o....#
#.#.......#####o####..#
#.#.......#.......
#.#.###...#.#....## #.#.#
###.#.#.##..#
#.#.#####.#)#.# #.########
..............#
#o.[.....###
......###.#.#####....#.....
.
......###.<.....#..#.#....
..


You could see 2 orc priests.


Message History

You closely miss the goblin with your +0 long sword.
The goblin hits you with a +0 dagger.
A goblin is nearby! 😕 HP[-3]
You take 3 damage, and now have 35/38 hp.
You slash the goblin with your +0 long sword!
You kill the goblin!
No target in view! 😎 HP[+3]
Your hp is fully restored (38).
No target in view!
No target in view!
An endoplasm comes into view.
An endoplasm is nearby!
An endoplasm is nearby!
You catch the helpless endoplasm completely off-guard!
You hit the endoplasm with your +0 long sword.
You hit the endoplasm but do no damage. The endoplasm hits you. 😕 HP[-2]
You take 2 damage, and now have 36/38 hp.
An endoplasm is nearby!
You hit the endoplasm with your +0 long sword.
You kill the endoplasm!
No target in view!
You now have 99 gold pieces (gained 13).
An orc comes into view. It is wielding a +0 flail.
The orc shouts!
An orc priest comes into view. It is wielding a +0 war axe.
You see here 11 gold pieces.
An orc comes into view. It is wielding a +0 dagger. 😎 HP[+2]
Your hp is fully restored (38).
There are monsters nearby!
The orc shouts!
You hear a shout! x2
The orc barely misses you.
You hit the orc but do no damage. You hit the orc with your +0 dagger.
The orc barely misses you.
There are monsters nearby!
You hit the orc but do no damage. x2; The orc hits you with a +0 flail.
You hit the orc but do no damage. x2; The orc hits you with a +0 flail. 😕 HP[-2]
You take 2 damage, and now have 36/38 hp.
There are monsters nearby!
You hit the orc but do no damage. x2
An orc priest comes into view. It is wielding a +0 hand axe.
The orc hits you with a +0 flail.
You hit the orc with your +0 long sword.
You hit the orc but do no damage.
The orc priest miscasts a cantrip.
The orc closely misses you. 😕 HP[-3]
You take 3 damage, and now have 33/38 hp.
You hit the orc but do no damage.
You barely miss the orc with your +0 long sword.
The orc hits you with a +0 flail.
You closely miss the orc with your +0 dagger.
You hit the orc with your +0 long sword.
The orc closely misses you.
There are monsters nearby! 😮 HP[-6]
You take 6 damage, and now have 27/38 hp.
You hit the orc with your +0 long sword.
You kill the orc!
You hit the orc but do no damage.
You hit the orc with your +0 long sword.
The orc completely misses you. 😮 HP[+1]
There are monsters nearby!
You closely miss the orc with your +0 dagger.
You barely miss the orc with your +0 long sword.
The orc closely misses you.
You barely miss the orc with your +0 dagger.
You slash the orc with your +0 long sword!
You kill the orc!
The orc priest hits you with a +0 war axe!
The orc priest threatens, "Beogh's wrath is as vast as their mercy.
Make your choice!" (press Y on the ability menu to convert to Beogh) 😮 HP[-7]
You take 7 damage, and now have 21/38 hp.
The orc priest shouts, "Surrender to Beogh and we'll let you live!"
You slash the orc priest with your +0 long sword!
You closely miss the orc priest with your +0 dagger.
The orc priest looks braver for a moment.
The orc priest completely misses you.
You closely miss the orc priest with your +0 long sword.
The orc priest shouts, "The Pantheon deserves no one's loyalty.
Let us show you the true path!"
You hit the orc priest but do no damage.
The orc priest hits you with a +0 war axe!
* * * LOW HITPOINT WARNING * * *
The orc priest hits you with a +0 hand axe.
* * * LOW HITPOINT WARNING * * *
The orc priest shouts, "Beogh offers mercy even to people such as you.
Join us and be reborn!" 😱 HP[-12]
You take 12 damage, and now have 9/38 hp.
MASSIVE DAMAGE!! (PAUSE)
You hit the orc priest but do no damage.
You barely miss the orc priest with your +0 long sword.
The orc priest mumbles some strange prayers to Beogh against you.
Beogh smites you!
You die...

Skill      XL: |  1  2  3  4  5 |
---------------+----------------+-----
Long Blades    | 4 5 6 |  6.2
Fighting       | |  2.0
Throwing       | |  1.7
Dodging        | |  2.6

Action                     |  1- 3 |  4- 6 || total
---------------------------+-------+-------++-------
  Melee: Long sword        |    74 |   102 ||   176
         Dagger            |    70 |    90 ||   160
    Use: Scroll            |     2 |       ||     2
         Potion            |       |     1 ||     1
   Stab: Sleeping          |     1 |       ||     1
         Distracted        |       |     1 ||     1
 Armour: Leather armour    |    29 |    78 ||   107
  Dodge: Dodged            |    50 |    83 ||   133

Levels and vault maps discovered:
D:1:      saegor_arrival_simple_d, layout_basic, serial_curves, eino_curves_03,
          eino_curves_03
D:2:      layout_rooms, basic_altar, st_stairs_13, uniq_sigmund
D:3:      layout_basic, trog_wizard, tso_altar

Notes
Turn   | Place    | Note
-------+----------+-------------------------------------------
     0 | D:1      | kae the Coglin Gladiator began the quest for the Orb.
     0 | D:1      | Reached XP level 1. HP: 16/16 MP: 1/1
     0 | D:1      | magus.rc [v1.11.3]
    60 | D:1      | Reached XP level 2. HP: 19/22 MP: 2/2
   323 | D:1      | Reached skill level 4 in Long Blades
   365 | D:1      | Reached XP level 3. HP: 25/27 MP: 3/3
   875 | D:2      | You pick up a book of the Hunter and begin reading...
   875 | D:2      | You add the spells Sigil of Binding, Call Canine Familiar
                  | and Dimensional Bullseye to your library.
   879 | D:2      | Found a stormy altar of Qazlal.
   929 | D:2      | Reached XP level 4. HP: 19/33 MP: 4/4
  1041 | D:2      | Reached skill level 5 in Long Blades
  1101 | D:2      | Noticed Sigmund
  1198 | D:2      | HP: 8/33 [adder (2)]
  1367 | D:2      | You pick up a book of Touch and begin reading...
  1367 | D:2      | You add the spells Kiss of Death, Confusing Touch and
                  | Dispel Undead to your library.
  1404 | D:2      | You pick up a book of Spatial Translocations and begin
                  | reading...
  1404 | D:2      | You add the spells Blink, Momentum Strike and Lesser
                  | Beckoning to your library.
  1533 | D:2      | Reached XP level 5. HP: 38/38 MP: 5/5
  1613 | D:3      | HP: 8/38 [orc/+0 club (4)]
  1615 | D:3      | Reached skill level 6 in Long Blades
  1897 | D:3      | HP: 9/38 [orc priest/+0 hand axe (5)]
  1898 | D:3      | Killed from afar by an orc priest

Vanquished Creatures
  An orc priest (D:3)
  An orc wizard (D:3)
  7 adders (D:2)
  3 dart slugs (D:1)
  2 ribbon worms
  3 orcs (D:3)
  4 endoplasms
  3 giant cockroaches
  6 goblins
  7 hobgoblins
  6 kobolds
  3 quokkas
  4 ball pythons (D:2)
  4 bats
  2 frilled lizards
  4 rats
60 creatures vanquished.

Table legend:
 A = Non-vault XP
 B = Vault XP
 C = Vault XP percentage of total XP
 D = Non-vault monster count
 E = Vault monster count
 F = Vault count percentage of total count
                 A         B        C        D         E       F
            +---------+---------+-------+---------+---------+-------
      Total |     263 |      13 |   4.7 |      59 |       1 |   1.7
            +---------+---------+-------+---------+---------+-------
        D:1 |      51 |       0 |   0.0 |      23 |       0 |   0.0
        D:2 |     112 |      13 |  10.4 |      23 |       1 |   4.2
        D:3 |     100 |       0 |   0.0 |      13 |       0 |   0.0
            +---------+---------+-------+---------+---------+-------

Skill      XL: |  1  2  3  4  5 |
---------------+----------------+-----
Long Blades    | 4 5 6 |  6.2
Fighting       | |  2.0
Throwing       | |  1.7
Dodging        | |  2.6

Action                     |  1- 3 |  4- 6 || total
---------------------------+-------+-------++-------
  Melee: Long sword        |    74 |   102 ||   176
         Dagger            |    70 |    90 ||   160
    Use: Scroll            |     2 |       ||     2
         Potion            |       |     1 ||     1
   Stab: Sleeping          |     1 |       ||     1
         Distracted        |       |     1 ||     1
 Armour: Leather armour    |    29 |    78 ||   107
  Dodge: Dodged            |    50 |    83 ||   133

Illustrated notes

Table legend:
 A = Kills in this place as a percentage of kills in the entire game.
 B = Kills by you in this place as a percentage of kills by you in the entire game.
 C = Kills by friends in this place as a percentage of kills by friends in the entire game.
 D = Other kills in this place as a percentage of other kills in the entire game.
 E = Experience gained in this place as a percentage of experience gained in the entire game.
 F = Experience gained in this place divided by the number of levels of this place that you have seen.
                   A       B       C       D       E      F
               +-------+-------+-------+-------+-------+----------------------
         Total | 100.0 | 100.0 |   N/A |   N/A | 100.0 |  92.0
       Dungeon | 100.0 | 100.0 |   N/A |   N/A | 100.0 |  92.0
               +-------+-------+-------+-------+-------+----------------------

Table legend: (Time is in decaauts)
 A = Elapsed time spent in this place.
 B = Non-inter-level travel time spent in this place.
 C = Inter-level travel time spent in this place.
 D = Time resting spent in this place.
 E = Time spent auto-exploring this place.
 F = Levels seen in this place.
 G = Mean time per level.
                   A        B        C        D        E       F      G
               +--------+--------+--------+--------+--------+-----+--------+
         Total |   1901 |   1862 |     39 |     90 |   1386 |   3 |  633.7 |
       Dungeon |   1901 |   1862 |     39 |     90 |   1386 |   3 |  633.7 |
               +--------+--------+--------+--------+--------+-----+--------+

Top non-repeatable levels by time:
     D:1: 872 daAuts
     D:2: 677 daAuts
     D:3: 351 daAuts
